 Dungeon Crawl Stone Soup version 0.30.0-16-gbe6223bb7e (webtiles) character file.

Game seed: 4502917575967429515

172 Kenran the Ruffian (level 5, -1/39 HPs)
             Began as a Vampire Fighter on May 20, 2023.
             Slain by a gnoll
             ... wielding a +0 flail
              (3 damage)
             ... on level 3 of the Dungeon.
             The game lasted 00:04:12 (1776 turns).

Kenran the Ruffian (Vampire Fighter)                Turns: 1776, Time: 00:04:12

Health: -1/39      AC:  9    Str: 17    XL:     5   Next: 27%
Magic:  5/5        EV:  9    Int: 10    God:
Gold:   37         SH:  4    Dex: 14    Spells: 4/4 levels left

rFire   . .          .
                       - Unarmed
rCold   . . .        b - +0 buckler
rNeg    . . .        d - +3 scale mail
rPois   .            (no helmet)
rElec   .            (no cloak)
rCorr   .            (no gloves)
SInv    +            (no boots)
Will    .....        (no amulet) Stlth
                     (no ring)
HPRegen 0.46/turn    (no ring)
MPRegen 0.09/turn

%: no passive effects
@: healing quickly
A: alive, fangs 3, see invisible, vampiric 2
a: Exsanguinate


You were on level 3 of the Dungeon.
You visited 1 branch of the dungeon, and saw 3 of its levels.

You collected 37 gold pieces.

Inventory:

Missiles
 l - 3 poisoned darts (quivered)
Armour
 b - a +0 buckler (worn)
 d - a +3 scale mail (worn)
Scrolls
 a - 2 scrolls of enchant armour
 e - a scroll of noise {unknown}
 f - 2 scrolls of teleportation {unknown}
 g - 2 scrolls of enchant weapon
 k - a scroll of silence
 m - 2 scrolls of brand weapon {unknown}
 n - a scroll of fear {unknown}
Potions
 c - a potion of might
 h - a potion of magic {unknown}
 i - 2 potions of curing {unknown}
 j - 2 potions of heal wounds {unknown}


   Skills:
 - Level 2.6 Fighting
 - Level 2.4 Armour
 - Level 2.6 Shields
 + Level 6.1 Unarmed Combat


You had 4 spell levels left.
You didn't know any spells.
Your spell library was empty.

Dungeon Overview and Level Annotations

Branches:
Dungeon (3/15)

Altars:


Innate Abilities, Weirdness & Mutations

Your natural rate of healing is accelerated.
You have razor-sharp teeth.
You have supernaturally acute eyesight. (SInv)
You are afflicted with vampirism and can become a bat while bloodless.


Message History

You closely miss the gnoll. You bite the gnoll.
The gnoll is lightly wounded.
The gnoll hits you but does no damage.
You closely miss the gnoll.
The gnoll shouts!
You bite the gnoll.
The gnoll is severely wounded.
The gnoll hits you with a +0 club.
You hit the gnoll.
You kill the gnoll!
A gnoll comes into view. It is wielding a +0 halberd.
The gnoll closely misses you.
Items here: )) ††.
You barely miss the gnoll.
The gnoll shouts!
Your bite misses the gnoll. You block the gnoll's attack.
You hit the gnoll.
The gnoll is lightly wounded.
The gnoll closely misses you. x2
You barely miss the gnoll.
The gnoll is lightly wounded.
The gnoll hits you from afar with a +0 halberd!
The gnoll hits you with a +0 flail.
You see here a ball python corpse.
The gnoll attacks as you move away! The gnoll hits you with a +0 flail.
The gnoll hits you with a +0 flail.
Keep bloodletting?
Uppercase [Y]es or [N]o only, please.
Keep bloodletting?
You begin bloodletting.
You continue bloodletting.
The gnoll barely misses you. The gnoll closely misses you.
You continue bloodletting.
The gnoll barely misses you.
The gnoll hits you from afar with a +0 halberd!
* * * LOW HITPOINT WARNING * * *
You continue bloodletting.
The gnoll hits you from afar with a +0 halberd.
* * * LOW HITPOINT WARNING * * *
The gnoll hits you with a +0 flail.
You die...

#.#
#.#..#.####.###.#
#...##.......##.#
###.g....)####....#
#...g...........###
#...#####.####..# .
#..# #.# #.##
.....g. #g# ##.#
....##. #g# #..#
g......### #@###.##
g........####..##.#
......##.S......>.#
..... #######.#..#
....
########.#..#...
###
................
########.#..#...
#.#.##.... #...#
...


You could see 2 gnolls.

Vanquished Creatures
  Ijyb (D:3)
  Terence (D:3)
  2 gnolls (D:3)
  2 adders
  3 worms
  2 dart slugs
  4 orcs (D:3)
  3 ball pythons
  8 endoplasms
  5 giant cockroaches
  4 goblins
  4 hobgoblins
  2 jackals (D:2)
  6 kobolds
  4 quokkas
  7 bats
  A frilled lizard (D:1)
  5 rats
64 creatures vanquished.

Notes
Turn   | Place    | Note
-------+----------+-------------------------------------------
     0 | D:1      | Kenran the Vampire Fighter began the quest for the Orb.
     0 | D:1      | Reached XP level 1. HP: 17/17 MP: 1/1
   114 | D:1      | Reached skill level 3 in Unarmed Combat
   114 | D:1      | Reached XP level 2. HP: 22/23 MP: 2/2
   729 | D:2      | Gained mutation: You are afflicted with vampirism and can
                  | become a bat while bloodless. [Vampire growth]
   729 | D:2      | Reached XP level 3. HP: 28/28 MP: 3/3
   730 | D:2      | Reached skill level 4 in Unarmed Combat
   888 | D:2      | You fall into a shaft and drop 1 floor!
   989 | D:2      | Found a faded altar of an unknown god.
  1117 | D:2      | Reached XP level 4. HP: 34/34 MP: 4/4
  1396 | D:3      | Noticed Ijyb
  1396 | D:3      | Paralysed by Ijyb for 5 turns
  1446 | D:3      | Killed Ijyb
  1447 | D:3      | Reached skill level 5 in Unarmed Combat
  1486 | D:3      | Noticed Terence
  1512 | D:3      | Killed Terence
  1537 | D:3      | Reached XP level 5. HP: 22/39 MP: 5/5
  1764 | D:3      | Reached skill level 6 in Unarmed Combat
  1776 | D:3      | Slain by a gnoll

Illustrated notes

Levels and vault maps discovered:
D:1:      tekkud_arrival_beachfront_property, layout_loops_ring
D:2:      layout_rooms, hellmonk_ecumenical_altar_blasted, st_stairs_11,
          nicolae_eternal_life
D:3:      layout_rooms, chequers_serial_rivers_small_a, uniq_ijyb, uniq_terence

Skill      XL: |  1  2  3  4  5 |
---------------+----------------+-----
Unarmed Combat | 3 4 5 6 |  6.1
Fighting       | |  2.6
Armour         | |  2.4
Shields        | |  2.6

Action                     |  1- 3 |  4- 6 || total
---------------------------+-------+-------++-------
  Melee: Unarmed           |   147 |   100 ||   247
         Bite              |    14 |    18 ||    32
Ability: Exsanguinate      |       |     1 ||     1
    Use: Scroll            |       |     4 ||     4
         Potion            |       |     1 ||     1
 Armour: Scale mail        |    15 |     7 ||    22
         Chain mail        |    54 |    30 ||    84
  Dodge: Dodged            |    59 |    32 ||    91
  Block: Buckler           |    25 |    16 ||    41
